 Dungeon Crawl Stone Soup version 0.19-a0-1007-g133f65f (webtiles) character file.

162 Implojin the Ruffian (level 5, -7/50 HPs)
             Began as a Troll Fighter on July 19, 2016.
             Mangled by a gnoll shaman
             ... wielding a +0 club
              (10 damage)
             ... on level 5 of the Dungeon.
             The game lasted 00:02:07 (442 turns).

Implojin the Ruffian (Troll Fighter)                 Turns: 442, Time: 00:02:08

Health: -7/50      AC:  5    Str: 29    XL:     5   Next: 19%
Magic:  4/4        EV:  8    Int:  4    God:
Gold:   27         SH:  9    Dex: 10    Spells: 0 memorised, 4 levels left

rFire  . . .     SeeInvis .       - Unarmed
rCold  . . .     Gourm    +     a - +0 robe
rNeg   . . .     Faith    .     b - +0 shield
rPois  .         Spirit   .     (helmet restricted)
rElec  .         Dismiss  .     (no cloak)
rCorr  .         Reflect  .     (gloves unavailable)
SustAt .         Harm     .     (boots unavailable)
MR     .....                    (no amulet)
Stlth  +.........               (no ring)
                                (no ring)

@: mighty, lethally poisoned (-7 -> -8), not resistant to hostile enchantments,
very unstealthy
A: unfitting armour, claws 3, fast metabolism 3, gourmand, regeneration 2,
shaggy fur 1, tough skin 2
a: no special abilities


You were on level 5 of the Dungeon.
You were not hungry.

You visited 1 branch of the dungeon, and saw 5 of its levels.

You collected 27 gold pieces.

Inventory:

Armour
 a - a +0 robe (worn)
 b - a +0 shield (worn)
Wands
 p - a wand of flame (32/48)
Scrolls
 i - a scroll of noise {unknown}
 k - a scroll of recharging {unknown}
 l - a scroll of immolation {unknown}
 m - a scroll of fog {unknown}
Potions
 e - a potion of heal wounds {unknown}
 f - a potion of cure mutation {unknown}
 g - a potion of curing {unknown}
 n - a potion of lignification {unknown}
 q - a potion of agility {unknown}
Books
 j - a book of Geomancy

   Spells                             Type                      Level
   a - Sandblast                      Earth                        1
   b - Passwall                       Transmutation/Earth          2
   c - Stone Arrow                    Conjuration/Earth            3
   d - Petrify                        Transmutation/Earth          4
   e - Lee's Rapid Deconstruction     Earth                        5
Comestibles
 d - 2 bread rations
 h - 2 meat rations
 o - a royal jelly
 r - a slice of pizza


   Skills:
 - Level 2.4 Fighting
 - Level 2.4 Dodging
 - Level 2.4 Shields
 * Level 5.4 Unarmed Combat


You had 4 spell levels left.
You didn't know any spells.

Dungeon Overview and Level Annotations

Branches:
Dungeon (5/15)
 Temple: D:4-7

Altars:

Shops:
D:4 !


Innate Abilities, Weirdness & Mutations

You are too large for most types of armour.
You have claws for hands.
Your metabolism is lightning-fast.
You like to eat raw meat.
You heal very quickly.
You are covered in fur. (AC +1)
You have very tough skin. (AC +2)


Message History

Unknown command.
You closely miss the gnoll shaman. The worker ant bites you.
* * * LOW HITPOINT WARNING * * *
You are poisoned.
The worker ant poisons you! You block the gnoll shaman's attack.
Unknown command.
You claw the worker ant!
The worker ant is severely wounded.
You feel sick. The worker ant bites you.
* * * LOW HITPOINT WARNING * * *
The gnoll shaman hits you with a club!
* * * LOW HITPOINT WARNING * * *
You closely miss the worker ant.
The worker ant is severely wounded.
You feel sick.
The worker ant bites you but does no damage.
The gnoll shaman hits you but does no damage.
The worker ant completely misses you.
Unknown command.
You mangle the worker ant!!
You kill the worker ant!
The adder bites you.
* * * LOW HITPOINT WARNING * * *
Unknown command.
You barely miss the adder.
You feel sick. The gnoll shaman hits you with a club.
* * * LOW HITPOINT WARNING * * *
The adder bites you but does no damage.
A gnoll comes into view. It is wielding a spear.
Unknown command.
You closely miss the gnoll shaman.
The gnoll shouts!
The gnoll shaman hits you with a club.
* * * LOW HITPOINT WARNING * * *
The adder bites you but does no damage.
Unknown command.
You claw the gnoll shaman!
The gnoll shaman is severely wounded.
You block the adder's attack. The gnoll shaman hits you with a club!
You die...

#..####.##.#######...###.#
#..# #.##.# ##.##
##.g####.##.# #.#
.........##.# #.#
.....######.# #.#
#...g######.## .#
#.(#S........##
#....###......######.#
#..#.# #.....ggS@g.g.#
#..#.# #......########
...#.# #.....## #.##.#
#..#.## # ... #..#.# .#
......# .##.#..# . #.#..#
#....#


You could see a gnoll shaman, 3 gnolls and an adder.

Vanquished Creatures
  A giant frog (D:4)
  A hound (D:4)
  2 worker ants
  An adder (D:4)
  2 giant cockroaches
  A quokka (D:4)
  A bat (D:3)
  2 giant newts
  A rat (D:3)
12 creatures vanquished.

Notes
Turn   | Place    | Note
-------+----------+-------------------------------------------
     0 | D:1      | Implojin the Troll Fighter began the quest for the Orb.
     0 | D:1      | Reached XP level 1. HP: 22/22 MP: 0/0
   241 | D:4      | Noticed a worker ant
   249 | D:4      | Killed a worker ant
   249 | D:4      | Reached skill level 3 in Unarmed Combat
   249 | D:4      | Reached XP level 2. HP: 22/29 MP: 1/1
   280 | D:4      | Reached skill level 4 in Unarmed Combat
   280 | D:4      | Reached XP level 3. HP: 25/36 MP: 2/2
   288 | D:4      | Found Osuwn's Distillery.
   340 | D:4      | Reached XP level 4. HP: 44/44 MP: 3/3
   342 | D:5      | Entered Level 5 of the Dungeon
   360 | D:4      | Noticed a giant frog
   372 | D:4      | Killed a giant frog
   372 | D:4      | Reached skill level 5 in Unarmed Combat
   373 | D:4      | Reached XP level 5. HP: 34/50 MP: 4/4
   442 | D:5      | Mangled by a gnoll shaman

Vault maps used:
D:1:      evilmike_arrival_rings, st_stairs_5, minmay_misc_feat_five
D:2:      nicolae_ru_great_annihilating_truth, grunt_decor_mini_mirrors
D:3:      lemuel_round_altar, xom_teletrap_fun, first_bread
D:4:      serial_shops, shop, gup_sewer_entry_pipe
D:5:      kennysheep_mini, gammafunk_temple_overflow_wave,
          nicolae_ossuary_entry_catacombs

Skill      XL: |  1  2  3  4 |
---------------+-------------+-----
Unarmed Combat | 3 4 5 |  5.4
Fighting       | |  2.4
Dodging        | |  2.4
Shields        | |  2.4

Action                   |  1- 3 |  4- 6 || total
-------------------------+-------+-------++-------
Melee: Unarmed           |    29 |    23 ||    52
  Use: Potion            |       |     1 ||     1
  Eat: Chunk             |     2 |     2 ||     4
Armor: Robe              |    57 |     7 ||    64
Dodge: Dodged            |    60 |    15 ||    75
Block: Shield            |    59 |    16 ||    75

Table legend:
 A = Turns spent in this place as a percentage of turns spent in the entire game.
 B = Non-inter-level travel turns spent in this place as a percentage of non-inter-level travel turns spent in the entire game.
 C = Inter-level travel turns spent in this place as a percentage of turns spent in this place.
 D = Turns resting spent in this place as a percentage of non-inter-level travel turns spent in this place.
 E = Turns spent auto-exploring this place as a percentage of non-inter-level travel turns spent in this place.
 F = Non-inter-level travel turns spent in this place divided by the number of levels of this place that you've seen.
                   A       B       C       D       E      F
               +-------+-------+-------+-------+-------+----------------------
         Total | 100.0 | 100.0 |   0.0 |   0.0 |   0.0 |  89.0
       Dungeon | 100.0 | 100.0 |   0.0 |   0.0 |   0.0 |  89.0
               +-------+-------+-------+-------+-------+----------------------

Table legend:
 A = Kills in this place as a percentage of kills in entire the game.
 B = Kills by you in this place as a percentage of kills by you in the entire game.
 C = Kills by friends in this place as a percentage of kills by friends in the entire game.
 D = Other kills in this place as a percentage of other kills in the entire game.
 E = Experience gained in this place as a percentage of experience gained in the entire game.
 F = Experience gained in this place divided by the number of levels of this place that you have seen.
                   A       B       C       D       E      F
               +-------+-------+-------+-------+-------+----------------------
         Total | 100.0 | 100.0 |  -nan |  -nan | 100.0 |  46.4
       Dungeon | 100.0 | 100.0 |  -nan |  -nan | 100.0 |  46.4
               +-------+-------+-------+-------+-------+----------------------
